 Dungeon Crawl Stone Soup version 0.29-a0-409-gd843f3a48c (webtiles) character file.

Game seed: 8176768003423437668

37 sammy202020 the Skirmisher (level 3, -2/33 HPs)
             Began as a Minotaur Fighter on May 15, 2022.
             Slain by an orc wizard
             ... wielding a +0 dagger
              (3 damage)
             ... on level 2 of the Dungeon.
             The game lasted 00:01:40 (700 turns).

sammy202020 the Skirmisher (Minotaur Fighter)        Turns: 700, Time: 00:01:41

Health: -2/33      AC:  7    Str: 20    XL:     3   Next: 21%
Magic:  2/2        EV:  9    Int:  7    God:
Gold:   36         SH:  0    Dex:  9    Spells: 2/2 levels left

rFire   . . .      SeeInvis .   a - +0 war axe
rCold   . . .      Faith    .   c - +0 buckler
rNeg    . . .      Spirit   .   b - +0 scale mail
rPois   .          Reflect  .   (helmet restricted)
rElec   .          Harm     .   (no cloak)
rCorr   .          Rampage  .   (no gloves)
Will    .....                   (no boots)
Stlth   ..........              g - amulet of regeneration
HPRegen 0.91/turn               (no ring)
MPRegen 0.08/turn               (no ring)

@: confused
A: horns 2, retaliatory headbutt
a: no special abilities


You were on level 2 of the Dungeon.
You visited 1 branch of the dungeon, and saw 2 of its levels.

You collected 36 gold pieces.

Inventory:

Hand Weapons
 a - a +0 war axe (weapon)
Missiles
 f - 2 javelins (quivered)
Armour
 b - a +0 scale mail (worn)
 c - a +0 buckler (worn)
Jewellery
 g - an amulet of regeneration (around neck)
Potions
 d - a potion of might
 e - a potion of attraction {unknown}
 h - a potion of flight {unknown}
 j - a potion of heal wounds {unknown}
 k - a potion of berserk rage {unknown}
 o - a potion of resistance {unknown}


   Skills:
 * Level 4.2 Fighting
 * Level 3.2 Axes
 + Level 3.8 Armour
 + Level 0.7 Dodging
 + Level 3.9 Shields


You had 2 spell levels left.
You didn't know any spells.
Your spell library was empty.

Dungeon Overview and Level Annotations

Branches:
Dungeon (2/15)

Altars:


Innate Abilities, Weirdness & Mutations

You have a pair of horns on your head.
You reflexively headbutt those who attack you in melee.


Message History

You miss something. x2; Something hits you. x2
Something hits you but does no damage. x2
You closely miss something. You barely miss something. Something hits you. x2
You closely miss something. You miss something.
Something hits you but does no damage. Something completely misses you.
You closely miss something. Your headbutt misses something. You miss something.
Something hits you.
Something hits you but does no damage. x2
Something hits you.
You miss something. Your headbutt misses something. You barely miss something.
You block something's attack.
You hear some strange, mumbled words.
A magic dart appears from out of thin air!
The magic dart hits you!
You miss something. Your headbutt misses something. You closely miss something.
Something hits you but does no damage. x2
You closely miss something. You hit something.
Something hits you but does no damage. Something hits you.
Something hits you but does no damage. You block something's attack.
You miss something. Your headbutt misses something. You miss something.
Something hits you. Something hits you but does no damage.
You miss something. x2
A ball python comes into view.
Something hits you. x2
You miss something. You barely miss something.
The ball python hisses angrily.
Something hits you but does no damage.
You hear some strange, mumbled words.
You are confused.
Something hits you but does no damage. x2
You bump into the rock wall.
Something hits you but does no damage. Something hits you.
You slash something! You miss something. Something hits you but does no damage.
Something hits you.
You bump into the rock wall.
You hear some strange, mumbled words.
A puff of flame appears from out of thin air!
The puff of flame hits you!
* * * LOW HITPOINT WARNING * * *
Something hits you.
You die...

##### .... # #..#
...###..####
#....S.)..# #
###.###{.##.##.#
.......@.......#
..#.##..###.######...
#..##>..<.......
#.##.#.......... #.
##.#......... #.
##.######... .. ###
.. .# .


You could see a ball python.

Vanquished Creatures
  A dart slug (D:2)
  An orc (D:2)
  2 bats (D:1)
  2 endoplasms
  2 giant cockroaches
  A goblin (D:1)
  2 hobgoblins (D:1)
  7 jackals (D:1)
  4 quokkas (D:1)
  A ball python (D:1)
  2 frilled lizards (D:1)
  A kobold (D:1)
  2 rats (D:1)
28 creatures vanquished.

Notes
Turn   | Place    | Note
-------+----------+-------------------------------------------
     0 | D:1      | sammy202020 the Minotaur Fighter began the quest for the
                  | Orb.
     0 | D:1      | Reached XP level 1. HP: 19/19 MP: 0/0
    94 | D:1      | Reached XP level 2. HP: 24/27 MP: 1/1
   176 | D:1      | Reached skill level 4 in Fighting
   547 | D:1      | Found a faded altar of an unknown god.
   600 | D:1      | Reached XP level 3. HP: 33/33 MP: 2/2
   700 | D:2      | HP: 1/33 [something/puff of flame (11)]
   700 | D:2      | Slain by an orc wizard

Illustrated notes

Levels and vault maps discovered:
D:1:      minmay_arrival_stair_chambers, layout_basic,
          shapermc_ecumenical_altar_notcrosses
D:2:      layout_loops_cross

Skill      XL: |  1  2 |
---------------+-------+-----
Fighting       | 4 |  4.2
Axes           | 3 |  3.2
Armour         | |  3.8
Dodging        | |  0.7
Shields        | |  3.9

Action                   || total
-------------------------++-------
Melee: War axe           ||    77
       Headbutt          ||     8
  Use: Scroll            ||     5
Armor: Scale mail        ||    55
Dodge: Dodged            ||    38
Block: Buckler           ||    24

Table legend: (Time is in decaauts)
 A = Elapsed time spent in this place.
 B = Non-inter-level travel time spent in this place.
 C = Inter-level travel time spent in this place.
 D = Time resting spent in this place.
 E = Time spent auto-exploring this place.
 F = Levels seen in this place.
 G = Mean time per level.
                   A        B        C        D        E       F      G
               +--------+--------+--------+--------+--------+-----+--------+
         Total |    730 |    704 |     26 |      0 |    523 |   2 |  365.0 |
       Dungeon |    730 |    704 |     26 |      0 |    523 |   2 |  365.0 |
               +--------+--------+--------+--------+--------+-----+--------+

Top non-repeatable levels by time:
     D:1: 692 daAuts
     D:2: 37 daAuts
